 Dungeon Crawl Stone Soup version 0.18-a0-1443-ge8f1551 (webtiles) character file.

31 Bubs the Charmwright (level 3, -1/28 HPs)
             Began as a Merfolk Skald on Feb 29, 2016.
             Slain by a gnoll
             ... wielding a +0 whip
              (4 damage)
             ... on level 1 of the Dungeon.
             The game lasted 00:02:58 (1046 turns).

Bubs the Charmwright (Merfolk Skald)                Turns: 1046, Time: 00:02:59

Health: -1/28      AC:  4    Str: 13    XL:     3   Next: 22%
Magic:  2/6        EV: 12    Int: 11    God:
Gold:   60         SH:  0    Dex: 13    Spells: 1 memorised, 5 levels left

rFire  . . .     SeeInvis +     a - +0 falchion
rCold  . . .     Gourm    .     b - +0 leather armour
rNeg   . . .     Faith    .     (no shield)
rPois  .         Spirit   .     (no helmet)
rElec  .         Dismiss  .     (no cloak)
rCorr  .         Reflect  .     h - +0 pair of gloves
SustAt .         Harm     .     (no boots)
MR     .....                    (no amulet)
Stlth  +.........               (no ring)
                                f - ring of see invisible

@: infused, not resistant to hostile enchantments, very unstealthy
A: change form in water, swift swim
a: no special abilities


You were on level 1 of the Dungeon.
You were not hungry.

You visited 1 branch of the dungeon, and saw 2 of its levels.

You collected 60 gold pieces.

Inventory:

Hand Weapons
 a - a +0 falchion (weapon)
Armour
 b - a +0 leather armour (worn)
 h - a +0 pair of gloves (worn)
Jewellery
 f - a ring of see invisible (left hand)
Scrolls
 e - a scroll of fog {unknown}
 i - a scroll of enchant armour {unknown}
 j - 2 scrolls of teleportation {unknown}
Potions
 k - a potion of curing {unknown}
 l - 2 potions of flight {unknown}
Books
 c - a book of Battle

   Spells                             Type                      Level
   a - Infusion                       Charms                       1
   b - Shroud of Golubria             Charms/Translocation         2
   c - Song of Slaying                Charms                       2
   d - Spectral Weapon                Hexes/Charms                 3
   e - Regeneration                   Charms/Necromancy            3
Comestibles
 d - a bread ration
 g - a beef jerky


   Skills:
 + Level 2.3 Fighting
 + Level 2.6 Long Blades
 + Level 1.2 Armour
 + Level 1.8 Dodging
 + Level 2.2 Spellcasting
 + Level 3.4 Charms


You had 5 spell levels left.
You knew the following spells:

 Your Spells              Type           Power        Failure   Level  Hunger
a - Infusion              Chrm           #...         10%         1    ##.....


Dungeon Overview and Level Annotations

Branches:
Dungeon (2/15)

Altars:


Message History

You kill the gnoll!
You have reached level 3!
Your experience leads to an increase in your attributes!
Increase (S)trength, (I)ntelligence, or (D)exterity?
You feel stronger.
Your magical infusion is running out.
The gnoll hits you but does no damage. The gnoll closely misses you. x2
Things that are here:
a club; a hobgoblin corpse You are no longer magically infusing your attacks.
There is a stone staircase leading up here.
The gnoll hits you with a whip.
* * * LOW HITPOINT WARNING * * *
You climb upwards.
There is a stone staircase leading down here.
Casting: Infusion
Confirm with . or Enter, or press ? or * to list all spells.
You begin infusing your attacks with magical energy.
The gnoll hits you with a whip.
You die...

#######....##..#.######.###....
#.....'....'...#.# #.........
###.###....##....... #.........
#...#....##..#...# #.........
###.#######..#.#####......###
#.# #..#............## #.# #..#
.....#......#
#.#######..######.#......##
#.........@g......'..).....
#........(###.#...#......##
#.#.......###.#.###......##
#..........()..PP≈.........
###.#####.###PP≈≈≈≈P..##### #.#
#.# #≈≈≈♣P≈≈≈P# ######.#####).
PP♣♣♣♣≈≈P.#####
#.........####P.≈♣ ♣≈≈≈......
#.####.##.#.. P≈P♣ ♣♣≈.######


You could see a gnoll.

Vanquished Creatures
  A gnoll (D:2)
  A dart slug (D:1)
  A ball python (D:1)
  4 bats (D:1)
  A giant cockroach (D:2)
  3 hobgoblins
  3 kobolds (D:1)
  6 rats (D:1)
20 creatures vanquished.

Notes
Turn   | Place    | Note
--------------------------------------------------------------
     0 | D:1      | Bubs the Merfolk Skald began the quest for the Orb.
     0 | D:1      | Reached XP level 1. HP: 16/16 MP: 3/3
   329 | D:1      | Reached XP level 2. HP: 19/22 MP: 3/5
   690 | D:1      | Reached skill level 1 in Armour
  1036 | D:2      | Reached XP level 3. HP: 3/28 MP: 2/6
  1046 | D:1      | Slain by a gnoll

Vault maps used:
D:1:      nagdon_arrival_double_spiral, serial_bayou_pond_c
D:2:      kennysheep_big_flooded_room

Skill      XL: |  1  2 |
---------------+-------+-----
Armour         | 1 |  1.2
Fighting       | |  2.3
Long Blades    | |  2.6
Dodging        | |  1.8
Spellcasting   | |  2.2
Charms         | |  3.4

Action                   || total
-------------------------++-------
Melee: Falchion          ||    55
 Cast: Infusion          ||     4
